 Dungeon Crawl Stone Soup version 0.28.0-43-g3370ac3207 (webtiles) character file.

Game seed: 13641075397584678426

80 tizbic2 the Shooter (level 4, -2/25 HPs)
             Began as a Deep Elf Hunter on Mar 4, 2022.
             Slain by a worm (5 damage)
             ... on level 3 of the Dungeon.
             The game lasted 00:09:56 (2412 turns).

tizbic2 the Shooter (Deep Elf Hunter)               Turns: 2412, Time: 00:09:56

Health: -2/25      AC:  3    Str: 11    XL:     4   Next: 18%
Magic:  6/9        EV: 12    Int: 16    God:
Gold:   147        SH:  0    Dex: 15    Spells: 6/7 levels left

rFire   . . .      SeeInvis +   a - +0 spear
rCold   . . .      Faith    .   (no shield)
rNeg    . . .      Spirit   .   c - +0 leather armour
rPois   .          Reflect  .   (no helmet)
rElec   .          Harm     .   (no cloak)
rCorr   .          Rampage  .   (no gloves)
Will    .....                   (no boots)
Stlth   ++........              (no amulet)
HPRegen 0.08/turn               l - ring of see invisible
MPRegen 0.11/turn               (no ring)

@: attractive, very slightly contaminated
A: no striking features
a: no special abilities


You were on level 3 of the Dungeon.
You visited 1 branch of the dungeon, and saw 3 of its levels.

You collected 147 gold pieces.

Inventory:

Hand Weapons
 a - a +0 spear (weapon)
 w - a +1 shortbow
Missiles
 d - 10 arrows
 e - 62 stones (quivered)
 g - 6 boomerangs
 h - 7 poisoned darts
Armour
 c - a +0 leather armour (worn)
 j - a +0 ring mail
Jewellery
 l - a ring of see invisible (left hand)
Scrolls
 b - a scroll of fear {unknown}
 f - 2 scrolls of identify {unknown}
 n - a scroll of holy word {unknown}
 o - a scroll of teleportation {unknown}
Potions
 i - a potion of attraction
 k - a potion of brilliance {unknown}
 m - a potion of cancellation {unknown}


   Skills:
 - Level 1.5 Fighting
 + Level 1.1 Staves
 * Level 6.6 Bows
 - Level 2.4 Dodging
 - Level 1.2 Stealth
 + Level 2.3 Spellcasting
 + Level 1.0 Summonings


You had 6 spell levels left.
You knew the following spells:

 Your Spells              Type           Power      Damage    Failure   Level
a - Summon Small Mammal   Summ           20%        N/A       17%         1

Your spell library contained the following spells:

 Spells                   Type           Power      Damage    Failure   Level
 Magic Dart               Conj           4%         1d3       26%         1
 Searing Ray              Conj           2%         2d4       38%         2
 Call Canine Familiar     Summ           5%         N/A       45%         3
 Summon Guardian Golem    Hex/Summ       3%         N/A       54%         3
 Fulminant Prism          Conj/Hex       0%         3d6       95%         4
 Iskenderun's Mystic Bla  Conj/Tloc      1%         2d3       95%         4
 Lee's Rapid Deconstruct  Erth           0%         3d5*      100%        5


Dungeon Overview and Level Annotations

Branches:
Dungeon (3/15)

Altars:


Message History

The worm is heavily wounded.
Your bat hits the worm but does no damage.
The worm bites you.
Casting: Summon Small Mammal (safe; 17% risk of failure)
Confirm with . or Enter, or press ? or * to list all spells.
Your bat hits the worm. The worm bites you!
* * * LOW HITPOINT WARNING * * *
It was a potion of attraction.
You feel attractive to monsters.
Your bat completely misses the worm.
Your bat hits the worm.
Your bat hits the worm but does no damage. x2
Your bat hits the worm but does no damage.
Your bat barely misses the worm.
Your bat hits the worm but does no damage.
Your bat hits the worm. The worm is attracted toward you.
The worm misses something.
The worm is attracted toward you.
Your bat hits the worm but does no damage.
The worm is attracted toward you.
Your bat hits the worm but does no damage.
The worm is attracted toward you. The worm is attracted toward you.
Casting: Summon Small Mammal (safe; 17% risk of failure)
Confirm with . or Enter, or press ? or * to list all spells.
The worm closely misses you.
You swap places.
Your bat completely misses the worm.
Your bat hits the worm but does no damage.
Your bat hits the worm.
Casting: Summon Small Mammal (safe; 17% risk of failure)
Confirm with . or Enter, or press ? or * to list all spells.
You miscast Summon Small Mammal.
You are very lightly contaminated with residual magic.
Nothing appears to happen.
Your bat barely misses the worm.
The worm bites your bat!
Your bat dies!
Your bat's corpse disappears in a puff of smoke!
The worm is attracted toward you.
Casting: Summon Small Mammal (safe; 17% risk of failure)
Confirm with . or Enter, or press ? or * to list all spells.
The worm bites you.
You die...

# ## . #. ..### ##..
#.##.#.. ..... #....#.#
####..... #
#....#.#####.#...... .
#....#.b.@w§††...... .. .
#........###.##.... #.##
#......#.###.# . #.#
#.....##..§..# #.#
#.....##........... #.#
#...........###########.##
##.....#....# #.........
#.....#..#.# #.........
#.....#....# #.........


You could see a worm (ally target) and a friendly bat (summoned).

Vanquished Creatures
  2 adders
  A gnoll (D:1)
  3 dart slugs (D:1)
  4 orcs (D:2)
  A ball python (D:1)
  3 endoplasms
  A giant cockroach (D:3)
  4 goblins
  2 hobgoblins
  2 jackals (D:3)
  4 quokkas
  3 frilled lizards
  2 kobolds
  4 rats
36 creatures vanquished.

Vanquished Creatures (collateral kills)
  A dart slug (D:2)
  A frilled lizard (D:3)
  A rat (D:2)
3 creatures vanquished.

Grand Total: 39 creatures vanquished

Notes
Turn   | Place    | Note
-------+----------+-------------------------------------------
     0 | D:1      | tizbic2 the Deep Elf Hunter began the quest for the Orb.
     0 | D:1      | Reached XP level 1. HP: 12/12 MP: 3/3
   115 | D:1      | Reached skill level 1 in Spellcasting
   123 | D:1      | Reached XP level 2. HP: 6/16 MP: 3/5
   376 | D:1      | Reached skill level 6 in Bows
  1161 | D:2      | Reached XP level 3. HP: 17/20 MP: 7/7
  1221 | D:2      | Found a faded altar of an unknown god.
  1624 | D:2      | Learned a level 1 spell: Summon Small Mammal
  1909 | D:2      | Reached skill level 1 in Staves
  2268 | D:3      | Reached skill level 1 in Summonings
  2268 | D:3      | Reached XP level 4. HP: 25/25 MP: 9/9
  2412 | D:3      | Slain by a worm

Illustrated notes

Levels and vault maps discovered:
D:1:      psy_arrival_whirlpool, layout_basic, nicolae_figureground_pulse
D:2:      layout_loops_ring, hellmonk_ecumenical_altar_heavens_door,
          nicolae_underground_beach
D:3:      layout_basic, minmay_parallelograms, serial_park_tiny_pond, uniq_ijyb,
          uniq_jessica

Skill      XL: |  1  2  3 |
---------------+----------+-----
Spellcasting   | 1 2 |  2.3
Bows           | 6 |  6.6
Staves         | 1 |  1.1
Summonings     | 1 |  1.0
Fighting       | |  1.5
Dodging        | |  2.4
Stealth        | |  1.2

Action                   |  1- 3 |  4- 6 || total
-------------------------+-------+-------++-------
Melee: Short sword       |    12 |       ||    12
       Mace              |    41 |       ||    41
       Punch             |     1 |       ||     1
       Spear             |       |    24 ||    24
 Fire: Shortbow          |    48 |     1 ||    49
 Cast: Summon Small Mamm |     2 |     8 ||    10
  Use: Scroll            |     3 |       ||     3
       Potion            |       |     1 ||     1
Armor: Leather armour    |     4 |     5 ||     9
       Ring mail         |    14 |       ||    14
Dodge: Dodged            |    39 |    16 ||    55
